 Dungeon Crawl Stone Soup version 0.28-a0-1493-g08698888e4 (webtiles) character file.

Game seed: 6005211974749524895

1187 bande the Chopper (level 8, 0/49 HPs)
             Began as a Gargoyle Fighter on Jan 12, 2022.
             Was a Follower of Okawaru.
             Slain by a kobold (2 damage)
             ... on level 5 of the Dungeon.
             The game lasted 00:08:57 (5208 turns).

bande the Chopper (Gargoyle Fighter)                Turns: 5208, Time: 00:08:57

Health: 0/49       AC: 23    Str: 19    XL:     8   Next: 43%
Magic:  8/8        EV:  7    Int:  8    God:    Okawaru [*.....]
Gold:   256        SH:  4    Dex: 11    Spells: 7/7 levels left

rFire   . . .      SeeInvis .   a - +1 war axe
rCold   + + .      Faith    .   c - +0 buckler
rNeg    + . .      Spirit   .   o - +0 chain mail
rPois   ∞          Reflect  .   (no helmet)
rElec   +          Harm     .   (no cloak)
rCorr   .          Rampage  .   (no gloves)
Will    .....                   (no boots)
Stlth   ..........              (no amulet)
HPRegen 0.16/turn               k - +4 ring of protection
MPRegen 0.11/turn               m - ring of Vehumet's Esteem {rC++ AC+4 Str-2}

@: no status effects
A: sickness immunity, AC +5, negative energy resistance 1, electricity
resistance, torment resistance 1, petrification resistance
a: Renounce Religion, Heroism


You were on level 5 of the Dungeon.
You worshipped Okawaru.
Okawaru was aware of your devotion.
You visited 2 branches of the dungeon, and saw 6 of its levels.

You collected 256 gold pieces.

Inventory:

Hand Weapons
 a - a +1 war axe (weapon)
Armour
 b - a +0 scale mail
 c - a +0 buckler (worn)
 o - a +0 chain mail (worn)
Jewellery
 k - a +4 ring of protection (left hand)
 l - a ring of magical power
 m - the ring of Vehumet's Esteem (right hand) {rC++ AC+4 Str-2}
   (You found it on level 3 of the Dungeon)

   [ring of protection]

   AC:        It affects your AC (+4).
   Str:       It affects your strength (-2).
   rC:        It greatly protects you from cold.
Scrolls
 e - 2 scrolls of enchant weapon
 g - 3 scrolls of identify
 i - 2 scrolls of immolation
 j - 2 scrolls of teleportation
Potions
 d - a potion of lignification {unknown}
 f - a potion of degeneration {unknown}
 h - 4 potions of heal wounds
 n - a potion of might


   Skills:
 + Level 5.3 Fighting
 + Level 7.0 Axes
 + Level 5.7 Armour
 + Level 4.3 Shields


You had 7 spell levels left.
You didn't know any spells.
Your spell library contained the following spells:

 Spells                   Type           Power      Damage    Failure   Level
 Summon Small Mammal      Summ           Unusable   N/A       N/A         1
 Call Canine Familiar     Summ           Unusable   N/A       N/A         3
 Summon Guardian Golem    Hex/Summ       Unusable   N/A       N/A         3

Dungeon Overview and Level Annotations

Branches:
Dungeon (5/15)             Temple (1/1) D:5

Altars:
Cheibriados
Dithmenos
Elyvilon
Fedhas
Okawaru
Uskayaw
Zin
Lugonu

Shops:
D:1 *

Portals:
Abyss: D:5


Innate Abilities, Weirdness & Mutations

You are immune to sickness and miasma.
Your stone body is resilient. (AC +5)
You are immune to poison.
You resist negative energy. (rN+)
You are resistant to electric shocks. (rElec)
You are resistant to unholy torment.
You are immune to petrification.


Message History

You open the large door. You closely miss the kobold.
You closely miss the kobold brigand.
The kobold brigand hits you with a +0 rapier of distortion!
You completely miss the kobold. You barely miss the kobold.
You slash the kobold brigand!
The kobold brigand hits you but does no damage.
You blink.
Unknown command.
You barely miss the kobold. The kobold closely misses you.
Unknown command.
You closely miss the kobold. x2; The kobold hits you but does no damage.
Space warps horribly around you!! The kobold hits you but does no damage.
You blink.
The kobold hits you but does no damage. Space warps around you.
Unknown command.
Unknown command.
You closely miss the kobold. You slash the kobold brigand!
The kobold brigand is severely wounded.
You slash the kobold brigand!
You kill the kobold brigand!
Okawaru accepts your kill. The kobold barely misses you.
Your Axes skill increases to level 7!
You slash the kobold!
You kill the kobold!
Okawaru accepts your kill.
Unknown command.
You barely miss the kobold. The kobold completely misses you.
The kobold hits you but does no damage. Space warps around you.
You closely miss the kobold. The kobold hits you but does no damage.
Space warps horribly around you!
* * * LOW HITPOINT WARNING * * *
You hit the kobold.
The kobold is moderately wounded.
You block the kobold's attack.
You closely miss the kobold.
The kobold is moderately wounded.
The kobold hits you but does no damage. Space warps around you.
You die...

................#
.........#####..#
#........## ##.##
......#.##.. #..#
#....#####...###.#
#...##§##......'.#
....#$?§#§._..K'K#
....#.∩.§§....##K#
....#?.§##...###@#
#...##.##.... #..#
###..### #.# ##.##
# ##..########..#
# ##..##......## #
##.##......#
#.#######.# #.#
##.# #.# #..#


You could see 2 kobolds.

Vanquished Creatures
  Sigmund (D:3)
  A black bear (D:5)
  2 ogres (D:5)
  A phantom (D:5)
  A kobold brigand (D:5)
  A scorpion (D:4)
  An orc priest (D:3)
  2 hounds (D:4)
  A jelly (D:5)
  A gnoll shaman (D:5)
  A centaur skeleton (D:4)
  A bullfrog skeleton (D:4)
  2 iguanas (D:5)
  An orc wizard (D:4)
  A hound zombie (D:5)
  5 adders
  8 gnolls
  A howler monkey skeleton (D:4)
  An adder zombie (D:5)
  An adder skeleton (D:4)
  3 worms
  3 dart slugs
  16 orcs
  7 ball pythons
  4 endoplasms
  9 giant cockroaches
  3 goblins
  7 hobgoblins
  2 jackals (D:2)
  10 kobolds
  5 quokkas
  5 bats
  2 frilled lizards
  10 rats
120 creatures vanquished.

Vanquished Creatures (others)
  2 demonic plants (D:1)
  A plant (D:5)
3 creatures vanquished.

Grand Total: 123 creatures vanquished

Notes
Turn   | Place    | Note
-------+----------+-------------------------------------------
     0 | D:1      | bande the Gargoyle Fighter began the quest for the Orb.
     0 | D:1      | Reached XP level 1. HP: 14/14 MP: 1/1
   298 | D:1      | Reached skill level 2 in Axes
   298 | D:1      | Reached XP level 2. HP: 19/19 MP: 2/2
   475 | D:1      | Found a faded altar of an unknown god.
   766 | D:1      | Found Feizuac's General Store.
   773 | D:1      | Reached XP level 3. HP: 19/23 MP: 3/3
  1438 | D:2      | Reached XP level 4. HP: 28/29 MP: 4/4
  2085 | D:3      | Noticed Sigmund
  2096 | D:3      | Killed Sigmund
  2097 | D:3      | Reached skill level 4 in Axes
  2097 | D:3      | Reached XP level 5. HP: 28/33 MP: 5/5
  2097 | D:3      | Reached XP level 6. HP: 32/38 MP: 6/6
  2144 | D:3      | Identified the +5 ring mail of Leaves {Drain Dex+8}
  2298 | D:3      | Identified the ring of Vehumet's Esteem {rC++ AC+4 Str-2}
  3127 | D:4      | Reached skill level 5 in Axes
  3127 | D:4      | Reached XP level 7. HP: 41/44 MP: 7/7
  3260 | D:4      | Found an iron altar of Okawaru.
  3268 | D:4      | Became a worshipper of Warmaster Okawaru
  3431 | D:4      | Reached skill level 5 in Armour
  3672 | D:4      | Found a snail-covered altar of Cheibriados.
  3682 | D:4      | Found a hide-covered altar of Uskayaw.
  3784 | D:5      | Entered Level 5 of the Dungeon
  4070 | D:5      | Found a shadowy altar of Dithmenos.
  4195 | D:5      | Reached * piety under Okawaru
  4196 | D:5      | Reached skill level 5 in Fighting
  4196 | D:5      | Reached skill level 6 in Axes
  4206 | D:5      | Reached XP level 8. HP: 6/49 MP: 8/8
  4485 | D:5      | Found a one-way gate to the infinite horrors of the Abyss.
  4559 | D:5      | Found a large runed translucent door.
  4559 | D:5      | Found a large runed translucent door.
  4561 | D:5      | Found a corrupted altar of Lugonu.
  4627 | D:5      | Found a staircase to the Ecumenical Temple.
  4754 | Temple   | Entered the Ecumenical Temple
  4840 | D:5      | Found a white marble altar of Elyvilon.
  5204 | D:5      | Reached skill level 7 in Axes
  5206 | D:5      | HP: 2/49 [kobold (15)]
  5208 | D:5      | Slain by a kobold

Illustrated notes

Levels and vault maps discovered:
D:1:      dpeg_arrival_tiny_f, layout_basic, serial_shops, shop,
          shapermc_ecumenical_altar_gd
D:2:      layout_loops_corners
D:3:      cheibrodos_pilgrimage, layout_basic, uniq_sigmund
D:4:      layout_basic, mainiacjoe_overflow_alcove_1,
          amethyst_overflow_temple_binary
D:5:      due_chaos_kobolds, layout_rooms, kennysheep_little_box,
          nicolae_elyvilon_temple_path, minmay_temple_entry_mist,
          portal_sewer_entry_e
Temple:   regret_index_temple_waves

Skill      XL: |  1  2  3  4  5  6  7  8 |
---------------+-------------------------+-----
Axes           | 2 4 5 6 7 |  7.0
Armour         | 4 5 |  5.7
Fighting       | 4 5 |  5.3
Shields        | 4 |  4.3

Action                   |  1- 3 |  4- 6 |  7- 9 || total
-------------------------+-------+-------+-------++-------
Melee: War axe           |    59 |   140 |   125 ||   324
  Use: Potion            |       |     1 |       ||     1
       Scroll            |       |       |     6 ||     6
Armor: Scale mail        |    35 |    88 |       ||   123
       Chain mail        |       |     1 |    86 ||    87
Dodge: Dodged            |    22 |    53 |    44 ||   119
Block: Buckler           |    14 |    24 |    26 ||    64

Table legend: (Time is in decaauts)
 A = Elapsed time spent in this place.
 B = Non-inter-level travel time spent in this place.
 C = Inter-level travel time spent in this place.
 D = Time resting spent in this place.
 E = Time spent auto-exploring this place.
 F = Levels seen in this place.
 G = Mean time per level.
                   A        B        C        D        E       F      G
               +--------+--------+--------+--------+--------+-----+--------+
         Total |   5319 |   5158 |    161 |    241 |   3804 |   6 |  886.5 |
       Dungeon |   5304 |   5143 |    161 |    241 |   3800 |   5 | 1060.8 |
        Temple |     14 |     14 |      0 |      0 |      4 |   1 |   14.0 |
               +--------+--------+--------+--------+--------+-----+--------+

Top non-repeatable levels by time:
     D:5: 1376 daAuts
     D:1: 1177 daAuts
     D:4: 1116 daAuts
     D:2: 947 daAuts
     D:3: 686 daAuts
  Temple: 14 daAuts
